 Dungeon Crawl Stone Soup version 0.31-a0-202-g547052bce9 (webtiles) character file.

Game seed: 9481956453844109167

329 wolfgangpup the Digger (level 6, -4/32 HPs)
             Began as a Gargoyle Earth Elementalist on June 26, 2023.
             Slain by Duvessa
             ... wielding a +0 short sword
              (10 damage)
             ... on level 4 of the Dungeon.
             The game lasted 00:03:01 (3537 turns).

wolfgangpup the Digger (GrEE)                       Turns: 3537, Time: 00:03:01

Health: -4/32      AC:  8    Str: 12    XL:     6   Next: 51%
Magic:  6/12       EV: 12    Int: 17    God:
Gold:   178        SH:  0    Dex: 10    Spells: 12/13 levels left

rFire   . . .        h - +2 long sword (flame)
rCold   . . .        (no shield)
rNeg    + . .        a - +0 robe
rPois   ∞            c - +1 helmet
rElec   +            (no cloak)
rCorr   +            (no gloves)
SInv    .            (no boots)
Will    .....        (no amulet)
Stlth   ++           l - ring of resist corrosion
HPRegen 0.25/turn    (no ring)
MPRegen 0.13/turn

%: no passive effects
@: no status effects
A: sickness immunity, AC +4, negative energy resistance 1, electricity
resistance, torment resistance 1, petrification resistance
a: no special abilities


You were on level 4 of the Dungeon.
You visited 1 branch of the dungeon, and saw 4 of its levels.

You collected 178 gold pieces.

Inventory:

Hand Weapons
 h - a +2 long sword of flaming (weapon)
Armour
 a - a +0 robe (worn)
 c - a +1 helmet (worn)
Jewellery
 l - a ring of resist corrosion (left hand)
Scrolls
 d - a scroll of teleportation
 e - 3 scrolls of identify
 f - a scroll of amnesia
Potions
 b - a potion of magic
 g - a potion of heal wounds
 i - 3 potions of curing
 j - a potion of mutation
 k - a potion of haste


   Skills:
 + Level 0.1 Fighting
 + Level 1.8 Dodging
 + Level 2.4 Stealth
 + Level 1.0 Unarmed Combat
 + Level 4.4 Spellcasting
 + Level 0.7 Transmutations
 + Level 6.2 Earth Magic


You had 12 spell levels left.
You knew the following spells:

 Your Spells              Type           Power      Damage    Failure   Level
a - Sandblast             Erth           48%        2d12      1%          1

Your spell library contained the following spells:

 Spells                   Type           Power      Damage    Failure   Level
 Passwall                 Tmut/Erth      12%        N/A       5%          2
 Stone Arrow              Conj/Erth      28%        3d8       13%         3
 Apportation              Tloc           6%         N/A       16%         1
 Kiss of Death            Conj/Necr      12%        2d6       16%         1
 Necrotise                Necr           12%        1d4       16%         1
 Summon Small Mammal      Summ           12%        N/A       16%         1
 Ensorcelled Hibernation  Hex/Ice        6%         N/A       22%         2
 Spider Form              Tmut/Pois      5%         N/A       36%         3
 Petrify                  Tmut/Erth      15%        N/A       36%         4
 Confusing Touch          Hex            3%         N/A       41%         3
 Anguish                  Hex/Necr       1%         N/A       83%         4
 Dispel Undead            Necr           3%         3d7       83%         4


Dungeon Overview and Level Annotations

Branches:
Dungeon (4/15)
 Temple: D:4-7

Altars:

Shops:
D:4 =

Annotations:
D:4 Duvessa


Innate Abilities, Weirdness & Mutations

You are immune to sickness and miasma.
Your stone body is resilient. (AC +4)
You are immune to poison.
You resist negative energy. (rN+)
You are resistant to electric shocks. (rElec)
You are resistant to unholy torment.
You are immune to petrification.


Message History

There is an open door here.
i - 3 potions of curing (gained 1)
You open the door.
Duvessa and Dowan come into view.
Dowan shouts!
There are monsters nearby!
The blast of sand hits Dowan!
Dowan is heavily wounded.
Duvessa shouts!
The blast of sand hits Dowan!
You kill Dowan!
Duvessa screams, "No!
How DARE you!"
Duvessa goes berserk!
Duvessa rages.
You can't see any susceptible monsters within range! (Use Z to cast anyway.)
The blast of sand hits Duvessa.
Duvessa is lightly wounded.
Duvessa hits you with a +0 short sword. Duvessa hits you but does no damage.
Duvessa barely misses you.
The blast of sand hits Duvessa but does no damage.
Duvessa is lightly wounded.
Duvessa closely misses you. Duvessa hits you with a +0 short sword.
The blast of sand misses Duvessa.
Duvessa hits you but does no damage. Duvessa hits you with a +0 short sword!
Casting: Sandblast (safe; 1% risk of failure)
Confirm with . or Enter, or press ? or * to list all spells.
Aiming: Sandblast (safe; 1% risk of failure)
Press: ? - help, Shift-Dir - straight line, f/p - Duvessa
Aim: Duvessa, wielding a +0 short sword and wearing a +0 leather armour (lightly wounded, berserk, 85% to hit)
The blast of sand misses Duvessa.
Duvessa hits you with a +0 short sword. Duvessa hits you with a +0 short sword!
* * * LOW HITPOINT WARNING * * *
Casting: Sandblast (safe; 1% risk of failure)
Confirm with . or Enter, or press ? or * to list all spells.
Aiming: Sandblast (safe; 1% risk of failure)
Press: ? - help, Shift-Dir - straight line, f/p - Duvessa
Aim: Duvessa, wielding a +0 short sword and wearing a +0 leather armour (lightly wounded, berserk, 85% to hit)
The blast of sand misses Duvessa.
Duvessa barely misses you. x2
Duvessa hits you with a +0 short sword!
You die...

.................................
#.###.....########..#.###..##....
..# #.....# #⌠8 #..#.# #........
..# #.....# +.. #..#.###...#..#.
..# #.....# #.. #..#.#.#......#.
..# ##....# +.) #..#.#.#........
..####....# #.. #..........#..#.
..#.......#####e##..#.#.#.).#..#.
..#............^@..............#.
..#...............#..............
..#....#.##.####............#.##.
..+....+.# .# #..#..##.#...#....
###....#.# ..###..#..##..........
###....#.###......#..##.#...####.
.......#.............##.#...####.
......##.######...#...#..........
......##.######.........#........


You could see Duvessa (berserk).

Vanquished Creatures
  Menkaure (D:4)
  Dowan (D:4)
  A hound (D:4)
  3 gnolls (D:2)
  4 adders
  A worm (D:2)
  2 dart slugs (D:4)
  An orc (D:4)
  5 bats
  6 endoplasms
  3 giant cockroaches (D:1)
  3 goblins
  6 hobgoblins
  4 jackals (D:4)
  4 quokkas
  5 ball pythons
  3 frilled lizards
  3 kobolds (D:1)
  4 rats
60 creatures vanquished.

Notes
Turn   | Place    | Note
-------+----------+-------------------------------------------
     0 | D:1      | wolfgangpup the Gargoyle Earth Elementalist began the quest
                  | for the Orb.
     0 | D:1      | Reached XP level 1. HP: 10/10 MP: 3/3
   185 | D:1      | Reached skill level 4 in Earth Magic
   185 | D:1      | Reached XP level 2. HP: 15/15 MP: 3/5
   716 | D:1      | Reached XP level 3. HP: 19/19 MP: 0/6
   967 | D:2      | Reached skill level 1 in Unarmed Combat
  1058 | D:2      | Reached XP level 4. HP: 24/24 MP: 6/8
  2855 | D:4      | Reached skill level 5 in Earth Magic
  2855 | D:4      | Reached XP level 5. HP: 25/28 MP: 6/10
  3187 | D:4      | Found Kyff's Jewellery Boutique.
  3245 | D:4      | Noticed Menkaure
  3250 | D:4      | Killed Menkaure
  3251 | D:4      | Reached skill level 6 in Earth Magic
  3251 | D:4      | Reached XP level 6. HP: 23/32 MP: 7/12
  3529 | D:4      | Noticed Duvessa
  3529 | D:4      | Noticed Dowan
  3531 | D:4      | Killed Dowan
  3537 | D:4      | Slain by Duvessa

Illustrated notes

Levels and vault maps discovered:
D:1:      eino_arrival_tree_alley, layout_basic, nrook_loot_triangle,
          minmay_octomino_c4
D:2:      layout_basic
D:3:      layout_basic
D:4:      dreamdust_elfheim, layout_basic, minmay_shop_enchanted_jewellery,
          uniq_menkaure

Skill      XL: |  1  2  3  4  5 |
---------------+----------------+-----
Earth Magic    | 4 5 6 |  6.2
Unarmed Combat | 1 |  1.0
Spellcasting   | 3 4 |  4.4
Fighting       | |  0.1
Dodging        | |  1.8
Stealth        | |  2.4
Transmutations | |  0.7

Action                     |  1- 3 |  4- 6 || total
---------------------------+-------+-------++-------
  Melee: Unarmed           |    10 |     1 ||    11
         Long sword        |       |     4 ||     4
   Cast: Sandblast         |    39 |    52 ||    91
    Use: Scroll            |       |    12 ||    12
 Armour: Robe              |     6 |     8 ||    14
  Dodge: Dodged            |    18 |    13 ||    31

Table legend: (Time is in decaauts)
 A = Elapsed time spent in this place.
 B = Non-inter-level travel time spent in this place.
 C = Inter-level travel time spent in this place.
 D = Time resting spent in this place.
 E = Time spent auto-exploring this place.
 F = Levels seen in this place.
 G = Mean time per level.
                   A        B        C        D        E       F      G
               +--------+--------+--------+--------+--------+-----+--------+
         Total |   3582 |   3489 |     93 |    169 |   2942 |   4 |  895.5 |
       Dungeon |   3582 |   3489 |     93 |    169 |   2942 |   4 |  895.5 |
               +--------+--------+--------+--------+--------+-----+--------+

Top non-repeatable levels by time:
     D:3: 987 daAuts
     D:2: 973 daAuts
     D:1: 859 daAuts
     D:4: 762 daAuts
